 Dungeon Crawl Stone Soup version 0.27-a0-223-ge082b6e869 (webtiles) character file.

Game seed: 331172695647145194

56 timneilson the Shield-Bearer (level 3, -3/23 HPs)
             Began as a Gargoyle Fighter on Feb 1, 2021.
             Slain by an orc
             ... wielding a +0 trident
              (5 damage)
             ... on level 2 of the Dungeon.
             The game lasted 00:01:45 (1116 turns).

timneilson the Shield-Bearer (Gargoyle Fighter)     Turns: 1116, Time: 00:01:45

Health: -3/23      AC: 14    Str: 20    XL:     3   Next: 97%
Magic:  3/3        EV:  7    Int:  8    God:
Gold:   8          SH:  9    Dex:  9    Spells: 2/2 levels left

rFire    . . .     SeeInvis .   a - +1 long sword
rCold    . . .     Faith    .   c - +0 kite shield
rNeg     + . .     Spirit   .   b - +0 scale mail
rPois    ∞         Reflect  .   j - +0 helmet
rElec    +         Harm     .   (no cloak)
rCorr    .         Rampage  .   i - +2 pair of gloves
Will     .....                  (no boots)
Stlth    ..........             (no amulet)
HPRegen  0.07/turn              (no ring)
MPRegen  0.08/turn              (no ring)

@: mighty
A: negative energy resistance 1, electricity resistance, unbreathing,
petrification resistance, miasma immunity, AC +3
a: no special abilities


You were on level 2 of the Dungeon.
You visited 1 branch of the dungeon, and saw 2 of its levels.

You collected 8 gold pieces.

Inventory:

Hand Weapons
 a - a +1 long sword (weapon)
Armour
 b - a +0 scale mail (worn)
 c - a +0 kite shield (worn)
 i - a +2 pair of gloves (worn)
 j - a +0 helmet (worn)
Scrolls
 g - 5 scrolls of identify
 h - a scroll of teleportation {unknown}
Potions
 e - a potion of resistance {unknown}
 f - 2 potions of attraction
 k - 2 potions of heal wounds {unknown}
 l - a potion of lignification {unknown}
 n - a potion of berserk rage {unknown}


   Skills:
 + Level 3.6 Fighting
 * Level 2.4 Long Blades
 * Level 3.9 Armour
 * Level 4.0 Shields


You had 2 spell levels left.
You didn't know any spells.
Your spell library was empty.

Dungeon Overview and Level Annotations

Branches:
Dungeon (2/15)

Altars:


Innate Abilities, Weirdness & Mutations

You are resistant to torment.
Your stone body is resilient. (AC +3)
You are immune to poison.
You resist negative energy. (rN+)
You are resistant to electric shocks. (rElec)
You can survive without breathing.
You are immune to petrification.
You are immune to miasma.


Message History

You block the orc's attack. The orc hits you but does no damage.
You feel very mighty all of a sudden. You block the orc's attack.
The orc completely misses you.
You hit the orc.
The orc is almost dead.
You block the orc's attack. x2
You slash the orc!
You kill the orc!
The orc hits you from afar with a +0 trident.
* * * LOW HITPOINT WARNING * * *
The orc hits you but does no damage. The orc closely misses you.
Your Shields skill increases to level 4!
You hit the orc.
The orc is lightly wounded.
The orc hits you but does no damage. You block the orc's attack.
You closely miss the orc.
The orc is lightly wounded.
The orc hits you but does no damage.
The orc hits you from afar with a +0 trident.
You die...

#..############
#.....#........
#...#.#.#######
#.........# # #.#.#.#...#
#.## #.....#########
#.... #.#............
#.....##################.
#......o@..............#.
#.....o######...######.#.
....... #..........#.
....... #............
...)... #..#.........
..$.... #..#.........
#+#.... #..#....†....
#.... #..#.........
#..#.........


You could see 2 orcs.

Vanquished Creatures
  An orc wizard (D:2)
  An ooze (D:2)
  2 worms (D:2)
  A dart slug (D:1)
  A leopard gecko (D:1)
  2 orcs (D:2)
  2 hobgoblins (D:1)
  2 bats
  4 frilled lizards
  A goblin (D:2)
  3 kobolds
  2 rats (D:1)
22 creatures vanquished.

Notes
Turn   | Place    | Note
-------+----------+-------------------------------------------
     0 | D:1      | timneilson the Gargoyle Fighter began the quest for the
                  | Orb.
     0 | D:1      | Reached XP level 1. HP: 14/14 MP: 1/1
   420 | D:1      | Reached XP level 2. HP: 17/19 MP: 2/2
  1004 | D:2      | Reached XP level 3. HP: 19/23 MP: 3/3
  1115 | D:2      | Reached skill level 4 in Shields
  1116 | D:2      | Slain by an orc

Illustrated notes

Levels and vault maps discovered:
D:1:      dpeg_arrival_long_road, layout_basic
D:2:      layout_basic

Skill      XL: |  1  2  3 |
---------------+----------+-----
Long Blades    | 2 |  2.4
Shields        | 4 |  4.0
Fighting       | |  3.6
Armour         | |  3.9

Action                   || total
-------------------------++-------
Melee: Long sword        ||   123
  Use: Scroll            ||     4
       Potion            ||     1
Armor: Scale mail        ||    96
Dodge: Dodged            ||    43
Block: Kite shield       ||    69
       Rpst.: Long sword ||     7

Table legend: (Time is in decaauts)
 A = Elapsed time spent in this place.
 B = Non-inter-level travel time spent in this place.
 C = Inter-level travel time spent in this place.
 D = Time resting spent in this place.
 E = Time spent auto-exploring this place.
 F = Levels seen in this place.
 G = Mean time per level.
                   A        B        C        D        E       F      G
               +--------+--------+--------+--------+--------+-----+--------+
         Total |   1180 |   1161 |     19 |      0 |    874 |   2 |  590.0 |
       Dungeon |   1180 |   1161 |     19 |      0 |    874 |   2 |  590.0 |
               +--------+--------+--------+--------+--------+-----+--------+

Top non-repeatable levels by time:
     D:1: 857 daAuts
     D:2: 322 daAuts
